 Dungeon Crawl Stone Soup version 0.23.2-1-ga50397a (webtiles) character file.

Game seed: 17179979602469864935

5132 Fang the Fighter (level 10, -4/66 HPs)
             Began as a Gargoyle Berserker on Apr 25, 2019.
             Was a High Priest of Trog.
             Killed from afar by a lindwurm (shapeshifter) (33 damage)
             ... with a blast of flame
             ... on level 8 of the Dungeon.
             The game lasted 00:13:29 (7561 turns).

Fang the Fighter (Gargoyle Berserker)               Turns: 7561, Time: 00:13:29

Health: -4/66      AC: 21    Str: 23    XL:     10   Next: 58%
Magic:  10/10      EV: 14    Int:  9    God:    Trog [*****.]
Gold:   507        SH:  0    Dex:  9    Spells: 9/9 levels left

rFire    . . .     SeeInvis +   a - +0 hand axe
rCold    . . .     Gourm    .   (no shield)
rNeg     + . .     Faith    .   b - +0 plate armour
rPois    ∞         Spirit   .   (no helmet)
rElec    +         Reflect  +   (no cloak)
rCorr    .         Harm     .   (no gloves)
MR       .....                  (no boots)
Stlth    ..........             h - +4 amulet of reflection
HPRegen  0.21/turn              q - +5 ring of evasion
MPRegen  0.12/turn              I - ring of see invisible

@: confused
A: negative energy resistance 1, electricity resistance, unbreathing,
petrification resistance, rot immunity, AC +7
a: Berserk, Trog's Hand, Brothers in Arms, Renounce Religion


You were on level 8 of the Dungeon.
You worshipped Trog.
Trog was extremely pleased with you.
You were not hungry.

You visited 2 branches of the dungeon, and saw 9 of its levels.
You also visited: Sewer and Ossuary.

You collected 507 gold pieces.

Inventory:

Hand Weapons
 a - a +0 hand axe (weapon)
Armour
 b - a +0 plate armour (worn)
Jewellery
 h - a +4 amulet of reflection (around neck)
 q - a +5 ring of evasion (left hand)
 y - a +3 ring of strength
 z - an uncursed ring of resist corrosion
 B - an uncursed ring of protection from cold
 I - a ring of see invisible (right hand)
Wands
 H - a wand of digging (7)
 M - a wand of polymorph (2)
Scrolls
 d - 3 scrolls of fear {unknown}
 i - a scroll of noise {unknown}
 l - 2 scrolls of amnesia {unknown}
 m - 9 scrolls of identify {unknown}
 n - a scroll of enchant weapon {unknown}
 p - a scroll of immolation {unknown}
 r - 2 scrolls of blinking {unknown}
 s - 12 scrolls of remove curse {unknown}
 u - 7 scrolls of teleportation {unknown}
 v - 4 scrolls of magic mapping {unknown}
 x - 2 scrolls of enchant armour {unknown}
 D - a scroll of brand weapon {unknown}
 F - a scroll of torment {unknown}
 J - a scroll of vulnerability {unknown}
Potions
 e - a potion of mutation {unknown}
 f - 5 potions of curing {unknown}
 g - 3 potions of magic {unknown}
 j - a potion of cancellation {unknown}
 k - 4 potions of haste
 o - 4 potions of heal wounds {unknown}
 t - 9 potions of flight {unknown}
 w - a potion of ambrosia {unknown}
 A - 3 potions of might {unknown}
 C - 3 potions of degeneration {unknown}
 E - a potion of invisibility {unknown}
 G - a potion of agility {unknown}
 K - a potion of lignification {unknown}
Comestibles
 c - 13 rations
 L - 5 chunks of flesh


   Skills:
 + Level 9.1 Fighting
 + Level 7.5 Axes
 + Level 8.8 Armour
 + Level 6.6 Dodging


You had 9 spell levels left.
You didn't know any spells.
Your spell library was empty.

Dungeon Overview and Level Annotations

Branches:
Dungeon (8/15)             Temple (1/1) D:6
   Lair: D:8-11

Altars:
Cheibriados
Elyvilon
Hepliaklqana
Sif Muna
Trog
Uskayaw
Wu Jian
Yredelemnul

Shops:
D:8 *


Innate Abilities, Weirdness & Mutations

You are resistant to torment.
Your stone body is resilient. (AC +7)
You are immune to poison.
You resist negative energy. (rN+)
You are resistant to electric shocks. (rElec)
You can survive without breathing.
You are immune to petrification.
You are immune to rotting.


Message History

You barely miss the tarantella.
The tarantella is severely wounded.
The tarantella bites you.
You are more confused.
You miss the tarantella.
The tarantella is severely wounded.
The tarantella changes into a redback!
You bump into the stone wall.
The redback bites you.
The redback bites you but does no damage.
The lindwurm falls off the wall.
The redback changes into a lindwurm!
You bump into the stone wall.
The lindwurm breathes flames at you. The blast of flame hits you!
The lindwurm bites you but does no damage.
The lindwurm closely misses you.
The lindwurm claws you but does no damage.
The lindwurm breathes flames at you. The blast of flame hits you!!
Ouch! That really hurt!
You die...

#####.#..)).. #.).....(
#.#.#...# ## #...#..<. ≈#
#..##..## #######≈# #..##..#
+.....#≈###..#...#
#...k.#≈.......#.# #..#
#.@##.#≈#........# #..#
#..#?)#≈#.......## ####..+
#..####≈..).....#
......####......≈.†......###
.....≈≈≈#......≈##>........
####..≈8≈#......≈###........
#.....≈≈≈#####'#≈# ########.
#.#..........))#≈# ##
.≈###............#≈#


You could see a lindwurm shaped shifter.

Vanquished Creatures
  2 centaur warriors
  2 wyverns (D:8)
  A hungry ghost (D:8)
  Menkaure (Ossuary)
  2 ice beasts
  2 black bears (D:8)
  2 sky beasts (D:8)
  2 ogres
  4 phantoms
  2 necrophages (D:8)
  2 centaurs (D:7)
  A big kobold (D:8)
  4 bullfrogs
  5 scorpions
  A wyvern skeleton (D:8)
  4 killer bees (D:7)
  2 howler monkeys (D:5)
  3 crimson imps
  3 hounds
  A centaur zombie (D:6)
  3 orc priests
  An orc wizard (D:4)
  A centaur skeleton (D:5)
  2 jellies (D:5)
  A bullfrog skeleton (D:8)
  3 iguanas
  6 worker ants
  A hound zombie (D:8)
  3 mummies (Ossuary)
  12 adders
  3 gnolls (D:4)
  2 river rats (D:3)
  A shadow imp (D:8)
  5 worms
  4 dart slugs
  9 leopard geckos
  20 orcs
  3 ball pythons (D:3)
  5 giant cockroaches
  5 hobgoblins
  17 jackals
  5 quokkas
  11 bats
  9 frilled lizards
  5 gnoll skeletons (Ossuary)
  4 gnoll zombies (Ossuary)
  7 goblins
  3 goblin skeletons (Ossuary)
  3 goblin zombies (Ossuary)
  6 hobgoblin skeletons (Ossuary)
  3 hobgoblin zombies (Ossuary)
  2 jackal skeletons (D:7)
  13 kobolds
  5 kobold skeletons (Ossuary)
  3 kobold zombies (Ossuary)
  A leopard gecko skeleton (D:5)
  A leopard gecko zombie (D:5)
  3 orc skeletons (Ossuary)
  6 orc zombies (Ossuary)
  4 rats (D:3)
  2 rat skeletons (Ossuary)
  6 rat zombies (Ossuary)
255 creatures vanquished.

Vanquished Creatures (others)
  A hobgoblin skeleton (Ossuary)
1 creature vanquished.

Grand Total: 256 creatures vanquished

Notes
Turn   | Place    | Note
-------+----------+-------------------------------------------
     0 | D:1      | Fang the Gargoyle Berserker began the quest for the Orb.
     0 | D:1      | Reached XP level 1. HP: 14/14 MP: 1/1
   243 | D:1      | Reached XP level 2. HP: 14/19 MP: 2/2
   712 | D:2      | Found an ornate altar of the Wu Jian Council.
   817 | D:2      | Reached XP level 3. HP: 23/23 MP: 3/3
  1225 | D:2      | Reached ** piety under Trog
  1225 | D:2      | Reached XP level 4. HP: 24/29 MP: 4/4
  1394 | D:2      | Found a snail-covered altar of Cheibriados.
  1458 | D:3      | Reached skill level 4 in Fighting
  1801 | D:3      | Reached XP level 5. HP: 25/33 MP: 5/5
  1924 | D:3      | Found a glowing drain.
  1941 | Sewer    | Entered a sewer
  2962 | D:4      | Reached *** piety under Trog
  2966 | D:4      | Reached XP level 6. HP: 29/39 MP: 6/6
  3321 | D:4      | Reached skill level 5 in Fighting
  3557 | D:5      | Entered Level 5 of the Dungeon
  3626 | D:5      | Reached XP level 7. HP: 37/44 MP: 7/7
  4114 | D:5      | Reached **** piety under Trog
  4114 | D:5      | Reached skill level 5 in Armour
  4310 | D:5      | Reached XP level 8. HP: 51/51 MP: 8/8
  4421 | D:5      | Reached skill level 6 in Fighting
  4703 | D:5      | Reached skill level 5 in Axes
  4739 | D:5      | Noticed a centaur warrior
  4752 | D:5      | Killed a centaur warrior
  4752 | D:5      | Reached skill level 7 in Fighting
  4752 | D:5      | Reached XP level 9. HP: 34/57 MP: 9/9
  5217 | D:6      | Reached skill level 5 in Dodging
  5239 | D:6      | Found a staircase to the Ecumenical Temple.
  5311 | D:6      | Found a sand-covered staircase.
  5378 | Ossuary  | Entered an ossuary
  5532 | Ossuary  | Reached ***** piety under Trog
  5685 | Ossuary  | Noticed Menkaure
  5700 | Ossuary  | Killed Menkaure
  5885 | D:6      | Received a gift from Trog
  5922 | D:6      | Found a basalt altar of Yredelemnul.
  5922 | D:6      | Found a hazy altar of Hepliaklqana.
  5922 | D:6      | Found a deep blue altar of Sif Muna.
  6027 | Temple   | Entered the Ecumenical Temple
  6422 | D:7      | Reached skill level 8 in Fighting
  6939 | D:8      | Reached XP level 10. HP: 64/64 MP: 10/10
  7268 | D:8      | Found Javuntul's Assorted Antiques.
  7424 | D:8      | Noticed a centaur warrior
  7438 | D:8      | Killed a centaur warrior
  7438 | D:8      | Reached skill level 9 in Fighting
  7557 | D:8      | Noticed a lindwurm
  7557 | D:8      | a redback changed into a lindwurm
  7561 | D:8      | Killed from afar by a lindwurm (shapeshifter)

Skill      XL: |  1  2  3  4  5  6  7  8  9 10 |
---------------+-------------------------------+-----
Axes           | 3 4 5 6 7 |  7.5
Dodging        | 2 3 4 5 6 |  6.6
Armour         | 3 4 5 6 7 8 |  8.8
Fighting       | 4 5 7 8 9 |  9.1

Action                   |  1- 3 |  4- 6 |  7- 9 | 10-12 || total
-------------------------+-------+-------+-------+-------++-------
Melee: Hand axe          |   106 |   383 |   676 |   190 ||  1355
Invok: Berserk           |     1 |     2 |     2 |     1 ||     6
  Eat: Chunk             |     2 |    10 |    10 |     6 ||    28
       Ration            |       |       |     1 |       ||     1
Armor: Animal skin       |    33 |    93 |       |       ||   126
       Plate armour      |       |   109 |   280 |    97 ||   486
Dodge: Dodged            |    77 |   294 |   430 |   120 ||   921
Block: Other             |    16 |    99 |   123 |    27 ||   265
       Reflection        |     1 |       |     1 |       ||     2
